 Dungeon Crawl Stone Soup version 0.29-a0-234-g0dae59b3db (webtiles) character file.

Game seed: 9553173000127219573

417 spaghetti the Slasher (level 6, -2/63 HPs)
             Began as an Octopode Chaos Knight on Mar 4, 2022.
             Was a Plaything of Xom.
             Slain by Duvessa
             ... wielding a +0 short sword
              (7 damage)
             ... on level 4 of the Dungeon.
             The game lasted 00:05:44 (3721 turns).

spaghetti the Slasher (Octopode Chaos Knight)       Turns: 3721, Time: 00:05:46

Health: -2/63      AC: 23    Str: 17 (19) XL:     6   Next: 93%
Magic:  6/6        EV:  2    Int: 11 (14) God:    Xom [*.....]
Gold:   176        SH:  4    Dex: 13 (14) Spells: 2/5 levels left

rFire   + . .      SeeInvis +   i - +0 short sword (venom) {short}
rCold   + . .      Faith    .   h - +1 buckler
rNeg    . . .      Spirit   .   (helmet currently unavailable)
rPois   +          Reflect  .   (no amulet)
rElec   +          Harm     .   e - ring of see invisible
rCorr   +          Rampage  .   g - +6 ring of strength
Will    .....      NoTele   +   (no ring)
Stlth   +.........              (no ring)
HPRegen 0.20/turn               (no ring)
MPRegen 0.10/turn               (no ring)
                                (no ring)
                                (no ring)

@: tree-form, resistant, cleaving
A: stationary, stasis, torment immunity, boosted hp, almost no armour,
(amphibious), 8 rings, (camouflage 1), (gelatinous body 1), (nimble swimmer 1),
(tentacles), (tentacle spike 1), (iridescent scales 2), (cold resistance 1),
strong 1, MP-powered wands
a: Renounce Religion


You were on level 4 of the Dungeon.
You worshipped Xom.
You were a special plaything of Xom.
You were a tree.
You visited 1 branch of the dungeon, and saw 4 of its levels.

You collected 176 gold pieces.


Innate Abilities, Weirdness & Mutations

You are a tree.
Your roots penetrate the ground, keeping you stationary.
You cannot be teleported.
You are immune to unholy pain and torment.
Your maximum health is greatly increased.
You cannot wear most types of armour.
((You are amphibious.))
You can wear up to eight rings at the same time.
((Your skin changes colour to match your surroundings (Stealth+).))
((Your rubbery body absorbs attacks. (AC +1, EV +1)))
((You are camouflaged when in or above water. (Stealth+)))
((You have tentacles for arms and can constrict up to eight enemies at once.))
((One of your tentacles bears a spike.))
((You are mostly covered in iridescent scales. (AC +4)))
((Your flesh is cold resistant. (rC+)))
Your muscles are strong. (Str +2)
You expend magic power (3 MP) to strengthen your wands.


   Skills:
 - Level 3.0 Fighting
 + Level 7.4 Long Blades
 - Level 2.3 Dodging
 + Level 0.4 Conjurations
 + Level 0.5 Air Magic
 + Level 0.8 Poison Magic


You had 2 spell levels left.
You knew the following spells:

 Your Spells              Type           Power      Damage    Failure   Level
a - Mephitic Cloud        Conj/Pois/Air  1%         N/A       75%         3

Your spell library contained the following spells:

 Spells                   Type           Power      Damage    Failure   Level
 Magic Dart               Conj           4%         1d3       38%         1
 Foxfire                  Conj/Fire      0%         2x1d4     41%         1
 Call Imp                 Summ           0%         N/A       58%         2
 Dazzling Flash           Conj/Hex       0%         N/A       80%         3
 Agony                    Necr           0%         N/A       100%        5
 Silence                  Hex/Air        0%         N/A       100%        5

Inventory:

Hand Weapons
 a - a +0 falchion of chaos {long}
 i - a +0 short sword of venom (weapon) {short}
   (You took it off a kobold on level 3 of the Dungeon)
 n - a +1 short sword of draining {short}
   (You took it off an orc on level 4 of the Dungeon)
 o - a +2 short sword of chaos {short}
   (You took it off an orc on level 4 of the Dungeon)
Missiles
 d - 144 stones (quivered) {throwing}
 f - 12 poisoned darts {throwing}
Armour
 h - a +1 buckler (worn)
   (You found it on level 2 of the Dungeon)
Jewellery
 e - a ring of see invisible (left branch)
   (You found it on level 2 of the Dungeon)
 g - a +6 ring of strength (right branch)
   (You found it on level 2 of the Dungeon)
Wands
 j - a wand of iceblast (11)
   (You found it on level 3 of the Dungeon)
Scrolls
 b - 2 scrolls of teleportation {@r4}
 c - 2 scrolls of identify {@r1}
 m - a scroll of amnesia

Dungeon Overview and Level Annotations

Branches:
Dungeon (4/15)
 Temple: D:4-7

Altars:
Dithmenos
Vehumet

Annotations:
D:3 Robin
D:4 Duvessa

#......#.... .. ..
#......#.... .....
#....#.#.... ......
##....#.[.... #...#.
##............ #.#.b.#
.......#...... ....b..
#........>. ..b.b.e###
#.##.....#.
......)♣.#####......#...
#....b....##.....#......
#.###.#.#.#...#.#..#....
#b.#......##...##.... #.
#......###..#....<
#.##.####.###[...##.. #
...............##..
#....#...............
..##...###...........


You could see Duvessa (berserk, poisoned, corona, ally target).


Message History

No target in view!
No target in view!
No target in view!
No target in view!
No target in view!
No target in view!
No target in view!
No target in view!
No target in view!
No target in view!
Unknown command.
No target in view!
You now have 176 gold pieces (gained 16).
You see here a +0 scale mail.
d - 144 stones {throwing} (gained 16)
A ball python comes into view.
A ball python is nearby!
A ball python is nearby!
A ball python is nearby!
Dowan, Brother of Duvessa comes into view.
He is wielding a +0 dagger.
Duvessa, Sister of Dowan comes into view.
She is wielding a +0 short sword and wearing a +2 ring mail of cold resistance.
Duvessa shouts!
The ball python hisses angrily.
Unknown command.
Unknown command.
You closely miss the ball python. Your grab misses the ball python.
You pierce the ball python, but do no damage.
Your squeeze misses the ball python. You block the ball python's attack.
The ball python closely misses you.
You hit the ball python.
You kill the ball python!
Dowan gestures wildly while chanting.
Dowan blinks!
You hit Dowan.
Dowan is poisoned.
Your grab misses Dowan. Your squeeze misses Dowan.
Dowan hits you with a +0 dagger. 😕 HP[-3]
You take 3 damage, and now have 39/42 hp.
You hit Dowan but do no damage.
Dowan looks as sick as possible!
You grab Dowan. You tentacle-slap Dowan. You constrict Dowan.
Duvessa says, "When magic and the sword combine, nothing stands against them."
Dowan closely misses you.
You hit Dowan but do no damage. You constrict Dowan.
Duvessa hits you with a +0 short sword.
Dowan hits you but does no damage. 😕 HP[-4]
You take 4 damage, and now have 35/42 hp.
You hit Dowan but do no damage.
Dowan looks as sick as possible!
You squeeze Dowan. You constrict Dowan.
You kill Dowan!
Duvessa screams, "No!
How DARE you!"
Duvessa goes berserk!
Xom is amused.
Duvessa misses you.
Unknown command.
Unknown command.
You hit Duvessa but do no damage.
Duvessa is poisoned.
You grab Duvessa.
You constrict Duvessa. "Go forth and destroy!"
Your +0 short sword of venom {short} looks sharp.
You are now a special plaything of Xom.
Duvessa hits you with a +0 short sword!
* * * LOW HITPOINT WARNING * * *
A shower of butterflies erupts from you! 😨 HP[-15]
You take 15 damage, and now have 20/42 hp.
MASSIVE DAMAGE!! (PAUSE)
Okay, then.
It was a potion of resistance.
You feel protected.
Xom thinks this is hilarious!
You constrict Duvessa. Duvessa misses you. You block Duvessa's attack.
It was a potion of degeneration.
There was something very wrong with that liquid.
You feel weakened.
You feel dopey.
You feel clumsy.
You constrict Duvessa, but do no damage.
Duvessa hits you with a +0 short sword!
* * * LOW HITPOINT WARNING * * *
A shower of butterflies erupts from you! 😱 HP[-11]
You take 11 damage, and now have 9/42 hp.
MASSIVE DAMAGE!! (PAUSE) Unknown command.
It was a potion of lignification.
You turn into a tree.
Your roots penetrate the ground.
You lose your grip on Duvessa.
Duvessa hits you with a +0 short sword!
* * * LOW HITPOINT WARNING * * *
You block Duvessa's attack. 😱 HP[-4]
You now have 63 max hp (+21).
Okay, then.
You aren't carrying any potions.
Okay, then.
You closely miss Duvessa. Duvessa hits you but does no damage.
You barely miss Duvessa. Duvessa hits you but does no damage.
Duvessa barely misses you.
You hit Duvessa but do no damage. "Feel my power!"
Duvessa is outlined in light.
Your butterfly is outlined in light. x4
Duvessa hits you with a +0 short sword!
You die...
Xom laughs nastily!

Skill      XL: |  1  2  3  4  5  6 |
---------------+-------------------+-----
Long Blades    | 4 5 6 7 |  7.4
Fighting       | |  3.0
Dodging        | |  2.3
Conjurations   | |  0.4
Air Magic      | |  0.5
Poison Magic   | |  0.8

Action                   |  1- 3 |  4- 6 || total
-------------------------+-------+-------++-------
Melee: Falchion          |    44 |   120 ||   164
       Constrict         |    12 |    44 ||    56
       Tentacles         |     7 |    28 ||    35
       Kick              |       |    24 ||    24
       Short sword       |       |    43 ||    43
       Punch             |       |     3 ||     3
  Use: Scroll            |     2 |     6 ||     8
       Potion            |     1 |    10 ||    11
 Stab: Sleeping          |    10 |     7 ||    17
Armor: Skin              |     4 |    37 ||    41
Dodge: Dodged            |    20 |   113 ||   133
Block: Buckler           |       |    28 ||    28

Levels and vault maps discovered:
D:1:      eino_arrival_druids_welcome, layout_basic,
          shapermc_ecumenical_altar_rom_forum, minmay_door_square,
          feat_on_display
D:2:      kennysheep_the_goblin_king, layout_loops_ring, minmay_tromino_i2,
          uniq_natasha
D:3:      layout_rooms, kennysheep_flooded_box, corexii_leaking_fountain,
          kennysheep_decorative_pillar, lightli_corner_chamber, uniq_jessica,
          uniq_robin
D:4:      layout_rooms, vehumet_crystals, uniq_duvessa

Notes
Turn   | Place    | Note
-------+----------+-------------------------------------------
     0 | D:1      | spaghetti the Octopode Chaos Knight began the quest for the
                  | Orb.
     0 | D:1      | Reached XP level 1. HP: 16/16 MP: 1/1
     0 | D:1      | magus.rc [v1.9.6]
   169 | D:1      | Reached XP level 2. HP: 21/21 MP: 2/2
   303 | D:1      | XOM: 4-stop teleportation journey
   421 | D:1      | Found a faded altar of an unknown god.
   435 | D:1      | Got Plato's Tome of Ignition
   496 | D:1      | XOM: stat loss: -1 Dex (10/11)
   521 | D:1      | Reached skill level 4 in Long Blades
   649 | D:1      | Reached XP level 3. HP: 26/26 MP: 3/3
   661 | D:1      | You pick up a book of the Senses and begin reading...
   661 | D:1      | You add the spells Dazzling Flash, Agony and Silence to
                  | your library.
   830 | D:2      | Noticed Natasha
   837 | D:2      | Killed Natasha
  1061 | D:2      | Reached XP level 4. HP: 31/31 MP: 4/4
  1099 | D:2      | Noticed Natasha
  1107 | D:2      | Killed Natasha
  1108 | D:2      | Reached skill level 5 in Long Blades
  1114 | D:2      | HP: 7/31 [jackal (1)]
  1374 | D:2      | Gained mutation: You have supernaturally acute eyesight.
                  | (SInv) [potion of mutation]
  1374 | D:2      | Gained mutation: Your system is resistant to poisons.
                  | (rPois) [potion of mutation]
  1386 | D:2      | Lost mutation: You have supernaturally acute eyesight.
                  | (SInv) [potion of mutation]
  1386 | D:2      | Lost mutation: Your system is resistant to poisons. (rPois)
                  | [potion of mutation]
  1386 | D:2      | Gained mutation: You are agile. (Dex +2) [potion of
                  | mutation]
  1386 | D:2      | Lost mutation: You are agile. (Dex +2) [potion of mutation]
  1386 | D:2      | Gained mutation: You are robust. (+10% HP) [potion of
                  | mutation]
  1387 | D:2      | Lost mutation: You are robust. (+10% HP) [potion of
                  | mutation]
  1387 | D:2      | Gained mutation: Your magical capacity is low. (-10% MP)
                  | [potion of mutation]
  1387 | D:2      | Gained mutation: You are partially covered in iridescent
                  | scales. (AC +2) [potion of mutation]
  1541 | D:2      | Noticed Natasha
  1548 | D:2      | XOM: 1-stop teleportation journey
  1699 | D:2      | Reached XP level 5. HP: 36/36 MP: 4/4
  1705 | D:2      | XOM: noise
  1720 | D:2      | Killed Natasha
  1891 | D:2      | XOM: god gift: 21 gold pieces
  2008 | D:2      | XOM: give mutations
  2008 | D:2      | Gained mutation: Your muscles are strong. (Str +2) [Xom's
                  | grace]
  2008 | D:2      | Gained mutation: Your flesh is cold resistant. (rC+) [Xom's
                  | grace]
  2041 | D:2      | Reached skill level 6 in Long Blades
  2316 | D:2      | XOM: summons 3 hostile demons
  2327 | D:2      | HP: 5/36 [iron imp[Xom] (7)]
  2328 | D:2      | HP: 2/36 [white imp[Xom] (2)]
  2343 | D:2      | XOM: cloud trail
  2356 | D:2      | XOM: give mutations
  2356 | D:2      | Gained mutation: You are mostly covered in iridescent
                  | scales. (AC +4) [Xom's grace]
  2356 | D:2      | Gained mutation: You are agile. (Dex +2) [Xom's grace]
  2356 | D:2      | Gained mutation: One of your tentacles bears a spike.
                  | [Xom's grace]
  2726 | D:3      | Noticed Jessica
  2736 | D:3      | Killed Jessica
  2748 | D:3      | XOM: noise
  2784 | D:3      | XOM: give mutations
  2784 | D:3      | Lost mutation: You are agile. (Dex +2) [Xom's mischief]
  2784 | D:3      | Lost mutation: Your magical capacity is low. (-10% MP)
                  | [Xom's mischief]
  2784 | D:3      | Gained mutation: You expend magic power (3 MP) to
                  | strengthen your wands. [Xom's mischief]
  2825 | D:3      | Found a shadowy altar of Dithmenos.
  2872 | D:3      | Noticed Robin
  2882 | D:3      | Reached XP level 6. HP: 23/42 MP: 6/6
  2891 | D:3      | HP: 10/42 [goblin/+0 club[Robin] (3)]
  2984 | D:2      | XOM: summons 1 hostile demon
  3426 | D:4      | Found a radiant altar of Vehumet.
  3479 | D:4      | XOM: chaos upgrade
  3485 | D:4      | Reached skill level 7 in Long Blades
  3500 | D:4      | You pick up a book of Minor Magic and begin reading...
  3500 | D:4      | You add the spells Magic Dart, Call Imp and Mephitic Cloud
                  | to your library.
  3617 | D:4      | Learned a level 3 spell: Mephitic Cloud
  3706 | D:4      | Noticed Dowan
  3707 | D:4      | Noticed Duvessa
  3714 | D:4      | Killed Dowan
  3715 | D:4      | XOM: cleaving
  3715 | D:4      | XOM: butterfly on damage
  3717 | D:4      | HP: 9/42 [Duvessa/+0 short sword (11)]
  3717 | D:4      | XOM: butterfly on damage
  3721 | D:4      | XOM: fake destruction
  3721 | D:4      | Slain by Duvessa

Vanquished Creatures
  A necrophage (D:4)
  Dowan (D:4)
  An orc priest (D:4)
  Jessica (D:3)
  Natasha (thrice) (D:2)
  An iguana (D:4)
  4 adders (D:2)
  A worm (D:3)
  3 dart slugs
  6 orcs
  10 ball pythons
  7 bats
  3 endoplasms (D:2)
  4 giant cockroaches
  19 goblins
  13 hobgoblins
  4 jackals (D:2)
  3 quokkas
  2 frilled lizards
  5 kobolds
  8 rats
100 creatures vanquished.

Table legend:
 A = Non-vault XP
 B = Vault XP
 C = Vault XP percentage of total XP
 D = Non-vault monster count
 E = Vault monster count
 F = Vault count percentage of total count
                 A         B        C        D         E       F
            +---------+---------+-------+---------+---------+-------
      Total |     424 |     173 |  29.0 |      81 |      19 |  19.0
            +---------+---------+-------+---------+---------+-------
        D:1 |      37 |       0 |   0.0 |      20 |       0 |   0.0
        D:2 |     169 |      53 |  23.9 |      32 |      10 |  23.8
        D:3 |      33 |      51 |  60.7 |      17 |       8 |  32.0
        D:4 |     185 |      69 |  27.2 |      12 |       1 |   7.7
            +---------+---------+-------+---------+---------+-------

Illustrated notes

Table legend:
 A = Kills in this place as a percentage of kills in entire the game.
 B = Kills by you in this place as a percentage of kills by you in the entire game.
 C = Kills by friends in this place as a percentage of kills by friends in the entire game.
 D = Other kills in this place as a percentage of other kills in the entire game.
 E = Experience gained in this place as a percentage of experience gained in the entire game.
 F = Experience gained in this place divided by the number of levels of this place that you have seen.
                   A       B       C       D       E      F
               +-------+-------+-------+-------+-------+----------------------
         Total | 100.0 | 100.0 |   N/A |   N/A | 100.0 | 149.2
       Dungeon | 100.0 | 100.0 |   N/A |   N/A | 100.0 | 149.2
               +-------+-------+-------+-------+-------+----------------------

Table legend: (Time is in decaauts)
 A = Elapsed time spent in this place.
 B = Non-inter-level travel time spent in this place.
 C = Inter-level travel time spent in this place.
 D = Time resting spent in this place.
 E = Time spent auto-exploring this place.
 F = Levels seen in this place.
 G = Mean time per level.
                   A        B        C        D        E       F      G
               +--------+--------+--------+--------+--------+-----+--------+
         Total |   3726 |   3631 |     95 |    982 |   2032 |   4 |  931.5 |
       Dungeon |   3726 |   3631 |     95 |    982 |   2032 |   4 |  931.5 |
               +--------+--------+--------+--------+--------+-----+--------+

Top non-repeatable levels by time:
     D:2: 2107 daAuts
     D:1: 827 daAuts
     D:3: 486 daAuts
     D:4: 305 daAuts
